 Dungeon Crawl Stone Soup version 0.18-a0-1788-g92de1ac (webtiles) character file.

492 Mefis the Magician (level 6, -4/38 HPs)
             Began as a High Elf Wizard on Apr 20, 2016.
             Slain by a gnoll
             ... wielding a +0 whip
              (10 damage)
             ... on level 4 of the Dungeon.
             The game lasted 00:39:47 (5139 turns).

Mefis the Magician (High Elf Wizard)                Turns: 5139, Time: 00:39:48

Health: -4/38      AC:  5    Str:  6    XL:     6   Next: 91%
Magic:  9/15       EV: 13    Int: 24    God:
Gold:   215        SH:  0    Dex: 14    Spells: 7 memorised, 1 level left

rFire  . . .     SeeInvis .     n - +2 dagger (venom)
rCold  + . .     Gourm    .     a - +1 robe
rNeg   . . .     Faith    .     (no shield)
rPois  +         Spirit   .     g - +0 helmet
rElec  .         Dismiss  .     v - +0 cloak {rPois}
rCorr  .         Reflect  .     (no gloves)
SustAt .         Harm     .     (no boots)
MR     +....                    (no amulet)
Stlth  ++........               s - ring of protection from magic
                                q - ring of protection from cold

@: repel missiles, somewhat resistant to hostile enchantments, unstealthy
A: no striking features
a: no special abilities


You were on level 4 of the Dungeon.
You were not hungry.

You visited 1 branch of the dungeon, and saw 4 of its levels.

You collected 215 gold pieces.

Inventory:

Hand Weapons
 n - a +2 dagger of venom (weapon)
 o - a +2 dagger of freezing
Missiles
 b - 7 needles of confusion
 e - 18 poisoned needles
 t - 25 sling bullets
 y - 4 tomahawks (quivered)
Armour
 a - a +1 robe (worn)
 g - a +0 helmet (worn)
 v - a +0 cloak of poison resistance (worn)
Jewellery
 h - an uncursed ring of protection from fire
 q - a ring of protection from cold (left hand)
 s - a ring of protection from magic (right hand)
Scrolls
 j - a scroll of random uselessness
 m - a scroll of magic mapping
 p - a scroll of immolation {unknown}
 u - a scroll of fear {unknown}
 x - a scroll of amnesia
 A - a scroll of remove curse
 B - a scroll of teleportation {unknown}
 C - 2 scrolls of identify
Potions
 f - 3 potions of cancellation {unknown}
 i - a potion of haste {unknown}
 k - a potion of flight {unknown}
 r - a potion of berserk rage {unknown}
 w - a potion of cure mutation {unknown}
Books
 c - a book of Minor Magic

   Spells                             Type                      Level
   a - Magic Dart                     Conjuration                  1
   b - Blink                          Translocation                2
   c - Call Imp                       Summoning                    2
   d - Repel Missiles                 Charms/Air                   2
   e - Slow                           Hexes                        2
   f - Conjure Flame                  Conjuration/Fire             3
   g - Mephitic Cloud                 Conjuration/Poison/Air       3
Comestibles
 d - 2 bread rations
 l - 2 meat rations
 z - a slice of pizza


   Skills:
 + Level 1.1 Fighting
 + Level 0.5 Short Blades
 + Level 3.7 Dodging
 + Level 3.4 Stealth
 + Level 5.8 Spellcasting
 + Level 2.8 Conjurations
 + Level 3.0 Summonings
 + Level 1.1 Translocations
 + Level 1.2 Air Magic


You had one spell level left.
You knew the following spells:

 Your Spells              Type           Power        Failure   Level  Hunger
a - Magic Dart            Conj           ###.         2%          1    None
b - Call Imp              Summ           ###.....     4%          2    None
c - Blink                 Tloc           N/A          10%         2    None
d - Repel Missiles        Chrm/Air       #.....       12%         2    None
e - Mephitic Cloud        Conj/Pois/Air  ##......     17%         3    #......
f - Conjure Flame         Conj/Fire      ##......     17%         3    #......
g - Slow                  Hex            #.......     14%         2    None


Dungeon Overview and Level Annotations

Branches:
Dungeon (4/15)
 Temple: D:4-7

Altars:
Fedhas
Xom

Annotations:
D:4 Pikel


Message History

Confirm with . or Enter, or press ? or * to list all spells.
Aiming: Magic Dart
Press: ? - help, Shift-Dir - straight line, f - gnoll
Aim: a gnoll, wielding a flail The magic dart hits the gnoll.
The gnoll is lightly wounded. 2 gnolls come into view.
The gnoll hits you with a flail!
The gnoll shouts!
Found an orange potion.
A hound skeleton comes into view.
The gnoll shouts!
The gnoll hits you with a flail!
The gnoll hits you from afar with a spear.
* * * LOW HITPOINT WARNING * * *
The gnoll misses you.
The gnoll hits you from afar with a spear.
* * * LOW HITPOINT WARNING * * *
The gnoll hits you with a whip!
You die...

#....# #......
...(.##....####.#....
.......##....#.........
..........pK.(........
.>......#.##...p....#
.......#.######....#
#.#....### #....#
#####.#...##########.###
.....>Z@..'†..p§pp..†...
.....ggg..##########....
.!........# ####.
####.....## #. #.....#
#. #.....# ## #.....#
#$....# #.....#


You could see a slave, 3 gnolls and a hound skeleton.

Vanquished Creatures
  A howler monkey (D:3)
  A jelly (D:4)
  An orc priest (D:3)
  An orc wizard (D:3)
  A worker ant (D:4)
  4 adders
  2 oozes (D:3)
  A worm (D:2)
  2 dart slugs (D:3)
  2 giant geckos (D:3)
  8 orcs
  6 bats
  4 giant cockroaches
  9 goblins
  8 hobgoblins
  6 jackals
  4 giant newts (D:2)
  12 kobolds
  11 rats
84 creatures vanquished.

Vanquished Creatures (collateral kills)
  The ghost of Fartwhistle the Insei, an amateur KoMo (D:4)
  An ogre (D:4)
  A hound (D:3)
  An orc priest (D:3)
  Jessica (D:2)
  Ijyb (D:2)
  2 adders
  3 worms (D:2)
  3 orcs (D:3)
  A bat (D:2)
  A giant cockroach (D:4)
  2 hobgoblins (D:2)
18 creatures vanquished.

Grand Total: 102 creatures vanquished

Notes
Turn   | Place    | Note
--------------------------------------------------------------
     0 | D:1      | Mefis the High Elf Wizard began the quest for the Orb.
     0 | D:1      | Reached XP level 1. HP: 11/11 MP: 6/6
   479 | D:1      | Reached XP level 2. HP: 9/17 MP: 4/7
   494 | D:1      | Reached skill level 4 in Spellcasting
   515 | D:1      | Learned a level 2 spell: Call Imp
   518 | D:1      | Learned a level 2 spell: Blink
   521 | D:1      | Learned a level 2 spell: Repel Missiles
  1022 | D:2      | Noticed Jessica
  1040 | D:2      | Killed Jessica
  1040 | D:2      | Reached skill level 1 in Summonings
  1040 | D:2      | Reached XP level 3. HP: 13/21 MP: 1/9
  1122 | D:2      | Noticed Ijyb
  1142 | D:2      | Killed Ijyb
  1676 | D:1      | Reached XP level 4. HP: 22/27 MP: 7/11
  2645 | D:3      | Learned a level 3 spell: Mephitic Cloud
  2711 | D:3      | Reached skill level 1 in Fighting
  2718 | D:3      | Reached XP level 5. HP: 31/33 MP: 2/13
  2727 | D:3      | Learned a level 3 spell: Conjure Flame
  3276 | D:3      | Reached skill level 5 in Spellcasting
  3276 | D:3      | Reached skill level 1 in Air Magic
  3471 | D:3      | Reached XP level 6. HP: 38/38 MP: 8/14
  4267 | D:4      | Noticed a slave
  4395 | D:4      | Noticed a slave
  4395 | D:4      | Noticed a slave
  4396 | D:4      | Noticed a slave
  4397 | D:4      | Noticed Pikel
  4401 | D:4      | Noticed Fartwhistle's ghost (amateur KoMo)
  4828 | D:4      | Killed Fartwhistle's ghost
  4918 | D:4      | Found a shimmering altar of Xom.
  4919 | D:4      | Found a blossoming altar of Fedhas.
  5079 | D:4      | Learned a level 2 spell: Slow
  5139 | D:4      | Slain by a gnoll

Vault maps used:
D:1:      elethiomel_arrival_quiet, patterned_corridor
D:2:      uniq_iyjb, uniq_jessica
D:4:      gammafunk_temple_overflow_pools, first_bread, uniq_pikel

Skill      XL: |  1  2  3  4  5  6 |
---------------+-------------------+-----
Spellcasting   | 4 5 |  5.8
Summonings     | 1 2 3 |  3.0
Dodging        | 3 |  3.7
Fighting       | 1 |  1.1
Conjurations   | 2 |  2.8
Stealth        | 3 |  3.4
Air Magic      | 1 |  1.2
Short Blades   | |  0.5
Translocations | |  1.1

Action                   |  1- 3 |  4- 6 || total
-------------------------+-------+-------++-------
Melee: Club              |    11 |       ||    11
       Unarmed           |     1 |       ||     1
       Dagger            |    26 |    83 ||   109
 Cast: Magic Dart        |    71 |   107 ||   178
       Call Imp          |     6 |    36 ||    42
       Mephitic Cloud    |       |     2 ||     2
       Conjure Flame     |       |     2 ||     2
       Repel Missiles    |       |     1 ||     1
  Use: Scroll            |       |    10 ||    10
 Stab: Sleeping          |     2 |     4 ||     6
       Confused          |       |     3 ||     3
  Eat: Chunk             |     2 |     8 ||    10
       Bread ration      |       |     1 ||     1
Armor: Robe              |    16 |    16 ||    32
Dodge: Dodged            |    45 |    56 ||   101
